Map: Deathaura LE

Players

ShoWTimE

  • Race: Protoss Protoss
  • League: Master
  • Spawn Location: 11:00

LiquidClem (Clem) - Winner!

  • Race: Terran Terran
  • League: Grandmaster
  • Spawn Location: 5:00

Event: DreamHack SC2 Masters 2020 Winter

VOD

Have the link to the VOD?

Description

Time

  • Played on: Nov. 7, 2020, 11:55 a.m.
  • Length: 17:32

All games in this series

Show
View Real Time Build Order
Export as new Build Order

ShoWTimE Protoss 

Build Orders: Oracle Opening, Phoenix Opening 

Get SALT Encoding   

  12  0:00  Probe  
  13  0:12  Probe  
  14  0:17  Pylon  
  14  0:24  Probe (Chrono Boost)  
  15  0:36  Probe (Chrono Boost)  
  15  0:37  Gateway  
  16  0:45  Probe (Chrono Boost)  
  16  0:46  Assimilator  
  17  0:50  Probe  
  18  1:03  Probe  
  19  1:15  Probe  
  20  1:25  Cybernetics Core  
  20  1:43  Pylon  
  20  1:48  Nexus  
  20  1:52  Probe  
  21  1:59  Adept (Chrono Boost)  
  21  2:07  Assimilator  
  23  2:10  Probe  
  24  2:19  Adept (Chrono Boost)  
  24  2:22  Probe  
  27  2:34  Probe  
  28  2:38  Stargate  
  28  2:46  Probe  
  28  2:47  Adept  
  31  3:00  Probe x2  
  31  3:02  Warp Gate  
  33  3:12  Probe x2, Pylon  
  34  3:19  Oracle (Chrono Boost)  
  35  3:25  Probe (Chrono Boost)  
  40  3:30  Probe (Chrono Boost)  
  39  3:34  Probe (Chrono Boost)  
  39  3:38  Probe (Chrono Boost)  
  39  3:39  Probe (Chrono Boost), Pylon  
  41  3:48  Probe  
  41  3:51  Probe  
  43  3:56  Phoenix (Chrono Boost)  
  43  4:01  Probe, Pylon  
  46  4:03  Probe  
  47  4:13  Probe  
  47  4:15  Probe  
  48  4:23  Gateway  
  48  4:24  Gateway  
  48  4:25  Probe, Pylon  
  48  4:27  Probe  
  50  4:34  Nexus  
  50  4:37  Probe  
  51  4:39  Probe  
  51  4:43  Phoenix  
  54  4:49  Probe  
  54  4:50  Shield Battery  
  54  4:51  Stalker  
  57  4:53  Probe  
  57  4:58  Assimilator  
  58  5:01  Probe  
  58  5:04  Shield Battery  
  58  5:05  Assimilator  
  59  5:07  Probe  
  59  5:10  Phoenix  
  59  5:13  Probe  
  63  5:17  Pylon  
  63  5:21  Stalker x2  
  65  5:22  Stalker  
  65  5:24  Probe  
  70  5:32  Forge  
  71  5:35  Probe  
  71  5:36  Twilight Council, Probe  
  72  5:44  Stalker  
  72  5:47  Probe, Stalker  
  77  5:51  Stalker  
  77  5:53  Probe  
  80  5:58  Phoenix  
  80  6:03  Shield Battery  
  82  6:08  Stalker  
  82  6:09  Probe  
  72  6:14  Stalker x2  
  73  6:19  Probe  
  73  6:23  Phoenix  
  76  6:32  Stalker  
  78  6:38  Stalker x2  
  82  6:41  Protoss Ground Armor Level 1 (Chrono Boost)  
  82  6:42  Charge (Chrono Boost)  
  70  6:47  Probe  
  59  6:56  Zealot  
  59  7:01  Stalker x2  
  65  7:02  Probe x2  
  65  7:06  Probe (Chrono Boost)  
  66  7:14  Probe (Chrono Boost), Pylon  
  66  7:15  Probe (Chrono Boost)  
  62  7:19  Probe (Chrono Boost)  
  62  7:22  Gateway  
  63  7:24  Gateway  
  63  7:25  Probe (Chrono Boost), Gateway  
  63  7:26  Probe (Chrono Boost)  
  63  7:28  Probe (Chrono Boost), Sentry x2, Zealot  
  63  7:29  Robotics Facility  
  72  7:30  Probe (Chrono Boost)  
  72  7:31  Probe (Chrono Boost)  
  72  7:36  Probe  
  75  7:38  Gateway  
  75  7:40  Gateway  
  75  7:43  Probe  
  77  7:44  Probe  
  77  7:49  Probe  
  77  7:50  Pylon  
  78  7:54  Zealot  
  78  7:55  Probe  
  78  7:58  Zealot  
  83  7:59  Templar Archives  
  83  8:01  Zealot  
  83  8:04  Probe x2  
  87  8:08  Assimilator  
  87  8:10  Assimilator  
  87  8:11  Pylon  
  87  8:15  Immortal (Chrono Boost)  
  91  8:23  Zealot x2  
  95  8:27  Pylon  
  95  8:31  Robotics Bay, Zealot x2  
  99  8:36  High Templar x2  
  99  8:38  Pylon  
  99  8:39  High Templar  
  99  8:40  Archon  
  99  8:41  Zealot  
  107  8:48  Protoss Ground Armor Level 2 (Chrono Boost)  
  107  8:50  Probe x2  
  107  8:51  Probe  
  110  8:55  High Templar  
  110  8:56  Zealot x3  
  110  9:00  Archon  
  118  9:03  Zealot  
  118  9:08  Pylon  
  116  9:10  Zealot x2  
  116  9:13  Zealot  
  116  9:15  Disruptor (Chrono Boost)  
  122  9:17  Zealot x3  
  122  9:22  Pylon  
  131  9:24  Pylon  
  131  9:26  Blink  
  131  9:36  Nexus  
  131  9:41  Probe x3  
  131  9:42  Disruptor (Chrono Boost)  
  134  9:50  Robotics Facility  
  137  9:53  Probe  
  137  9:56  Forge  
  137  9:57  Probe x2  
  140  10:05  Probe  
  141  10:07  High Templar x3  
  141  10:08  High Templar  
  141  10:09  Probe  
  141  10:10  Photon Cannon  
  141  10:12  Archon x2, Disruptor (Chrono Boost)  
  150  10:20  Probe x2  
  155  10:22  Probe  
  155  10:25  Protoss Ground Weapons Level 1 (Chrono Boost)  
  156  10:29  Pylon  
  156  10:31  Pylon  
  156  10:37  Dark Shrine  
  156  10:42  Photon Cannon  
  156  10:45  Shield Battery  
  156  10:47  Disruptor  
  159  10:50  Disruptor  
  159  10:56  Probe  
  161  11:00  Stalker x3  
  161  11:02  Assimilator  
  167  11:05  Assimilator  
  167  11:07  Zealot  
  167  11:21  Nexus  
  167  11:22  Pylon, Disruptor  
  168  11:27  Zealot x6  
  168  11:28  Zealot x2  
  168  11:29  Disruptor  
  185  11:50  Zealot x3  
  185  11:51  Zealot x2  
  195  11:59  Disruptor  
  174  12:03  Zealot x3  
  174  12:05  Disruptor (Chrono Boost)  
  143  12:16  Stalker x5  
  139  12:24  Zealot x3  
  145  12:31  Disruptor (Chrono Boost)  
  145  12:32  Protoss Ground Weapons Level 2 (Chrono Boost)  
  145  12:36  Protoss Ground Armor Level 3 (Chrono Boost)  
  142  12:37  Disruptor (Chrono Boost)  
  142  12:39  Zealot x5  
  142  12:44  Gateway  
  155  12:45  Gateway  
  155  12:47  Probe x2  
  155  12:48  Probe x2  
  155  12:49  Shadow Stride (Chrono Boost)  
  155  12:50  Zealot x3  
  163  13:00  Stalker x5  
  171  13:10  Dark Templar  
  163  13:17  Photon Cannon  
  163  13:19  Shield Battery  
  151  13:20  Dark Templar x2  
  151  13:22  Pylon  
  151  13:26  Photon Cannon, Dark Templar  
  157  13:28  Warp Prism (Chrono Boost), Photon Cannon  
  157  13:30  Shield Battery  
  157  13:32  Pylon  
  159  13:36  Sentry  
  159  13:37  Sentry, Zealot x2  
  167  13:51  Stalker, Pylon  
  167  13:52  Stalker x2  
  171  14:02  Pylon, Zealot x5  
  159  14:09  Zealot x5  
  142  14:18  Void Ray (Chrono Boost), Disruptor x2  
  142  14:25  Zealot x3  
  142  14:27  Stalker x2  
  152  14:36  Zealot x5  
  162  14:51  Protoss Shields Level 1, Dark Templar x3  
  168  14:53  Disruptor x2  
  162  15:01  Nexus  
  162  15:02  Pylon  
  157  15:09  Dark Templar x4  
  152  15:16  Dark Templar  
  147  15:21  Zealot x2  
  128  15:38  Zealot x3  
  128  15:49  Dark Templar  
  124  15:56  Dark Templar x5  
  132  16:02  Disruptor (Chrono Boost)  
  130  16:10  Zealot x4  
  131  16:19  Disruptor (Chrono Boost)  
  130  16:30  Dark Templar  
  130  16:37  Zealot x4  
  114  17:01  Zealot x5  
  118  17:12  Stalker x4  
Show
View Real Time Build Order
Export as new Build Order

LiquidClem Terran - Winner!

Build Orders:  

Get SALT Encoding   

  12  0:00  SCV  
  13  0:12  SCV  
  14  0:16  Supply Depot  
  14  0:24  SCV  
  15  0:29  Refinery  
  15  0:38  SCV  
  16  0:45  Barracks  
  16  0:50  SCV  
  17  1:02  SCV  
  18  1:07  Engineering Bay  
  18  1:14  SCV  
  19  1:31  Orbital Command  
  19  1:32  Marine  
  20  1:40  Factory  
  20  1:48  Supply Depot  
  20  1:51  Barracks Reactor  
  20  1:57  SCV  
  21  2:09  SCV  
  22  2:21  Command Center  
  22  2:30  Hellion  
  22  2:32  Hellion  
  22  2:35  SCV  
  27  2:41  Supply Depot  
  27  2:52  Hellion, Barracks Tech Lab  
  27  2:53  Hellion  
  31  3:02  SCV  
  31  3:03  Refinery  
  32  3:09  Starport  
  32  3:14  SCV  
  33  3:21  Marine  
  33  3:22  Marine  
  33  3:26  SCV  
  39  3:27  Cyclone  
  37  3:36  Orbital Command  
  37  3:39  SCV  
  38  3:43  Marine x2  
  40  3:49  Viking  
  40  3:51  SCV  
  43  4:03  SCV  
  43  4:04  SCV  
  43  4:05  Cyclone, Marine  
  43  4:06  Marine  
  48  4:13  Supply Depot  
  48  4:16  SCV  
  47  4:18  SCV  
  47  4:22  Viking  
  50  4:24  Marine  
  50  4:26  Marine  
  50  4:29  SCV  
  50  4:30  SCV  
  54  4:37  Siege Tank  
  57  4:41  SCV  
  57  4:44  Supply Depot, Marine  
  57  4:45  Marine  
  60  4:46  SCV  
  61  4:55  SCV, Supply Depot  
  62  5:06  Viking, SCV, Marine x2  
  67  5:07  SCV  
  68  5:15  Supply Depot  
  68  5:17  Siege Tank  
  68  5:18  SCV  
  68  5:20  SCV  
  73  5:23  Marine x2  
  73  5:30  SCV  
  73  5:32  Command Center  
  73  5:35  SCV  
  75  5:36  Liberator  
  75  5:38  Supply Depot  
  75  5:41  Marine  
  75  5:42  SCV, Marine  
  81  5:47  SCV  
  81  5:48  Bunker  
  82  5:52  Bunker  
  82  5:54  SCV  
  82  6:00  Barracks  
  82  6:01  Barracks  
  82  6:05  Refinery  
  82  6:06  SCV  
  82  6:09  Marine x2  
  82  6:10  SCV  
  79  6:13  Siege Tank  
  79  6:21  Viking  
  79  6:24  SCV  
  79  6:27  SCV, Refinery, Marine  
  79  6:30  Marine  
  79  6:31  Engineering Bay x2  
  77  6:41  SCV  
  77  6:45  Marine  
  74  6:47  Marine  
  74  6:53  Starport Reactor, Orbital Command, Siege Tank  
  70  6:55  SCV  
  70  6:56  SCV  
  70  6:57  Barracks Tech Lab  
  70  6:58  Barracks Tech Lab  
  72  7:03  Marine  
  72  7:05  Marine  
  74  7:10  Barracks  
  74  7:11  Orbital Command, Barracks  
  74  7:14  SCV x2  
  76  7:17  Combat Shield, Stimpack  
  76  7:19  Terran Infantry Weapons Level 1  
  76  7:20  Marine  
  73  7:23  Marauder  
  73  7:26  SCV, Marauder  
  73  7:27  Marine  
  79  7:31  SCV  
  79  7:33  Terran Infantry Armor Level 1  
  79  7:36  SCV  
  81  7:40  Marine  
  81  7:41  Supply Depot  
  81  7:43  SCV  
  83  7:44  SCV, Marauder  
  83  7:47  Marine  
  83  7:48  SCV, Marauder  
  83  7:50  Supply Depot  
  90  7:54  Supply Depot  
  90  7:55  SCV, Siege Tank  
  90  7:57  SCV  
  95  7:59  Barracks Reactor, Barracks Tech Lab  
  95  8:00  SCV, Marine  
  95  8:04  Supply Depot  
  95  8:05  Marine  
  97  8:07  Refinery  
  97  8:09  SCV x2  
  97  8:11  Medivac  
  102  8:17  Medivac, Supply Depot  
  102  8:19  SCV  
  105  8:20  Marauder, Refinery, Marine  
  105  8:21  SCV x2, Marauder  
  105  8:23  Marauder  
  114  8:28  Supply Depot  
  114  8:29  Marine  
  114  8:30  Supply Depot  
  114  8:33  Siege Tank  
  118  8:35  SCV x3  
  118  8:37  Concussive Shells  
  118  8:38  Marine  
  118  8:39  Marine x2  
  124  8:43  Marauder  
  124  8:47  Marine  
  127  8:54  Command Center  
  127  8:55  Marauder, Marine  
  130  8:56  Marine  
  130  8:57  Marine  
  130  8:59  Marine  
  131  9:04  Medivac, Marauder  
  131  9:09  Marine  
  125  9:11  Siege Tank  
  125  9:13  Marauder  
  133  9:17  Armory, Marauder, Marine  
  133  9:18  Marine x2  
  133  9:20  Ghost Academy  
  80  9:24  Medivac  
  134  9:26  Marauder  
  134  9:29  Marine  
  134  9:30  Bunker  
  139  9:31  Supply Depot  
  139  9:34  Medivac  
  139  9:35  Marauder  
  139  9:38  Supply Depot, Marine x3  
  143  9:43  Marauder, Siege Tank  
  150  9:47  Marauder  
  150  9:50  Missile Turret  
  150  9:51  Missile Turret  
  152  9:53  Marine  
  152  9:54  SCV x3, Supply Depot  
  152  9:58  Ghost  
  158  10:00  Marine x3  
  161  10:07  Ghost  
  161  10:08  Supply Depot  
  161  10:10  Ghost  
  164  10:15  Marine, Siege Tank  
  164  10:20  Medivac x2  
  172  10:22  Marine x2  
  172  10:28  Marine  
  174  10:29  Marauder  
  174  10:30  Missile Turret  
  174  10:31  Planetary Fortress  
  174  10:34  Marine  
  178  10:39  Marauder  
  178  10:41  Terran Infantry Weapons Level 2  
  180  10:43  Marine  
  180  10:44  Marauder, Marine  
  180  10:45  SCV  
  180  10:46  SCV x2  
  180  10:48  Marine  
  187  10:50  Marauder  
  187  10:53  Siege Tank  
  187  10:56  Marine  
  193  10:57  SCV  
  193  11:00  Marauder  
  196  11:06  Marauder  
  196  11:08  Marine, Barracks x2  
  196  11:09  Refinery, Barracks  
  198  11:12  Marauder  
  198  11:17  Terran Infantry Armor Level 2  
  200  11:22  Marauder  
  200  11:24  Marine  
  200  11:35  Terran Vehicle Weapons Level 1  
  200  11:39  Factory  
  200  11:41  Command Center, Marauder  
  200  11:42  Command Center, Marine, Siege Tank  
  200  12:00  Ghost  
  194  12:01  Marine  
  194  12:04  Ghost  
  194  12:07  Marauder, Liberator x2  
  194  12:08  Marine x4  
  167  12:15  Barracks Tech Lab x2  
  157  12:19  Marine  
  157  12:24  Factory Tech Lab  
  157  12:26  Marine, Siege Tank  
  157  12:27  Marine x2  
  157  12:28  Marauder  
  157  12:29  Marauder  
  167  12:33  Marauder, Marine  
  167  12:34  Marauder  
  165  12:40  SCV x3  
  165  12:42  Refinery  
  165  12:43  Marauder, Marine x2  
  171  12:45  Siege Tank  
  171  12:48  Marine x2  
  171  12:50  Medivac, Marauder  
  171  12:51  Marauder  
  182  12:55  Marauder, Marine  
  182  12:56  Marauder  
  187  13:01  Marine  
  187  13:02  Marine  
  187  13:04  Siege Tank  
  187  13:05  Marauder  
  193  13:07  Marine  
  193  13:09  Medivac  
  193  13:10  Marine  
  193  13:11  Marauder  
  193  13:12  Marauder, Missile Turret  
  192  13:16  Marauder  
  192  13:17  Marauder, Marine  
  192  13:19  Siege Tank  
  192  13:20  Medivac  
  192  13:26  Marauder  
  196  13:27  Planetary Fortress  
  196  13:28  Refinery  
  196  13:32  Marauder, Orbital Command  
  196  13:34  Marauder  
  200  13:39  Terran Infantry Weapons Level 3  
  200  13:52  Command Center  
  200  14:00  Ghost, Marine  
  200  14:01  Marauder  
  172  14:03  Ghost  
  172  14:06  Marauder x2, Marine  
  172  14:08  Marine x2, Siege Tank  
  172  14:09  Siege Tank  
  183  14:12  Marine  
  178  14:20  Marine  
  178  14:22  Marauder  
  176  14:25  Marine x2  
  176  14:26  Command Center  
  176  14:27  Marauder x2  
  176  14:28  Terran Infantry Armor Level 3  
  176  14:29  Marauder  
  184  14:32  Marauder  
  184  14:34  SCV, Marine x2  
  189  14:39  Medivac  
  189  14:41  Marine  
  189  14:42  Marine, Siege Tank  
  189  14:43  Siege Tank  
  199  14:47  Marine  
  200  14:55  Command Center  
  200  14:59  Terran Vehicle Weapons Level 2  
  200  15:06  Ghost  
  194  15:08  Marine  
  194  15:09  Marauder  
  194  15:13  Marine  
  197  15:16  Marauder  
  197  15:18  Marauder  
  185  15:29  Ghost  
  185  15:30  Marine  
  185  15:32  Ghost  
  185  15:34  Medivac, Siege Tank  
  185  15:35  Ghost  
  180  15:37  Ghost  
  180  15:40  SCV x2, Marine  
  180  15:41  Marauder, Marine  
  169  15:42  SCV  
  169  15:44  SCV  
  169  15:45  Marine  
  169  15:46  Marine  
  169  15:48  Marine  
  169  15:49  Siege Tank  
  176  15:51  SCV  
  176  15:53  Refinery  
  176  15:55  Orbital Command x2  
  177  15:58  Marauder, Marine  
  177  16:01  Marauder  
  177  16:03  Marauder  
  180  16:04  Marauder  
  180  16:06  Missile Turret, Marauder  
  180  16:07  Siege Tank  
  184  16:11  SCV  
  184  16:18  Marine x2  
  183  16:19  SCV x2  
  183  16:20  Marauder  
  183  16:22  Marauder, Marine  
  183  16:24  Marauder  
  188  16:26  Marauder  
  188  16:27  Marauder  
  179  16:39  Siege Tank  
  182  16:41  Marauder  
  182  16:44  Marauder  
  182  16:45  Marauder  
  187  16:47  Marauder  
  187  16:49  Marauder  
  187  16:52  Medivac  
  183  16:57  Marine x2  
  183  16:59  Marine  
  183  17:02  Ghost  
  183  17:05  Marauder  
  184  17:14  SCV  
Tags
 
Add a new tag
Caveats
  • Supply blocks, unpowered buildings, or Contaminate may cause inaccurate times.
  • Supply counts are checked every 10 seconds.